 Dungeon Crawl Stone Soup version 0.22-b1-59-g0aedee734a (webtiles) character file.

32 MirrMurr the Sneak (level 3, 0/24 HPs)
             Began as a Spriggan Enchanter on Aug 9, 2018.
             Succumbed to an adder's poison
             ... on level 1 of the Dungeon.
             The game lasted 00:04:17 (801 turns).

MirrMurr the Sneak (Spriggan Enchanter)              Turns: 801, Time: 00:04:18

Health: 0/24       AC: 21    Str:  5    XL:     3   Next: 8%
Magic:  6/8        EV:  4    Int: 16    God:
Gold:   19         SH:  0    Dex: 16    Spells: 4/7 levels left

rFire    . . .     SeeInvis +   a - +2 dagger (venom)
rCold    . . .     Gourm    .   (shield restricted)
rNeg     + + +     Faith    .   (armour currently unavailable)
rPois    +         Spirit   .   (helmet currently unavailable)
rElec    .         Reflect  .   (cloak currently unavailable)
rCorr    .         Harm     .   (gloves unavailable)
MR       .....     NoTele   +   (boots unavailable)
Stlth    +++.......             (no amulet)
HPRegen  0.08/turn              (no ring)
MPRegen  0.11/turn              (no ring)

@: lethally poisoned (0 -> -6), tree-form, very slightly contaminated
A: very small, unfitting armour, see invisible, herbivore, slow metabolism 2
a: no special abilities


You were on level 1 of the Dungeon.
You were not hungry.
You were a tree.
You visited 1 branch of the dungeon, and saw 2 of its levels.

You collected 19 gold pieces.

Inventory:

Hand Weapons
 a - a +2 dagger of venom (weapon)
Missiles
 e - 46 stones (quivered)
 h - 19 bolts
Armour
 b - a +0 robe (melded)
Scrolls
 f - a scroll of teleportation {unknown}
 g - a scroll of remove curse {unknown}
Comestibles
 c - a ration


   Skills:
 + Level 2.4 Short Blades
 - Level 3.0 Dodging
 + Level 5.5 Stealth
 - Level 2.6 Spellcasting
 - Level 3.6 Hexes


You had 4 spell levels left.
You knew the following spells:

 Your Spells              Type           Power        Failure   Level  Hunger
a - Ensorcelled Hibernat  Hex/Ice        #.....       14%         2    ##.....
C - Corona                Hex            ##.....      4%          1    #......

Your spell library contained the following spells:

 Spells                   Type           Power        Failure   Level  Hunger
 Confuse                  Hex            ##......     13%         3    ###....
 Tukima's Dance           Hex            ##......     13%         3    ###....
 Dazzling Spray           Conj/Hex       #.....       28%         3    ###....


Dungeon Overview and Level Annotations

Branches:
Dungeon (2/15)

Altars:


Innate Abilities, Weirdness & Mutations

You are very small and have problems with some larger weapons.
You are too small for most types of armour.
You have supernaturally acute eyesight. (SInv)
You are a herbivore.
((You cover ground extremely quickly.))
You need to consume almost no food.


Message History

* * * LOW HITPOINT WARNING * * *
You are lethally poisoned!
The adder poisons you!
You hit the adder.
The adder looks as sick as possible!
The adder is lightly wounded.
* * * LOW HITPOINT WARNING * * *
You feel sick. The adder bites you but does no damage.
You miss the adder.
The adder is heavily wounded.
The adder bites you but does no damage.
You miss the adder.
The adder is almost dead.
* * * LOW HITPOINT WARNING * * *
You feel sick.
You kill the adder!
You have reached level 3!
Your experience leads to an increase in your attributes!
Increase (S)trength, (I)ntelligence, or (D)exterity?
You feel stronger.
You die...

.....# #.# #.# .....# #.# #.#
.....###.######.##############
.###.........................#
..................>########.##
..........#####.##.# #.#
......#....#.....#.# #.#
###.###....#.#..##.# #.#
###........#.#..♣..# #.#
##....#.#.##.##.#### #.#
##..#.#.#.##.##.###########.#
##..#.#.#.##.##.............#
....#.....##.#######...######
##.####.#.##...........#
.........###########...#
.#.................#...#
.......§....§§§..#.#...#


There were no monsters in sight!

Vanquished Creatures
  An adder (D:1)
  An ooze (D:1)
  A leopard gecko (D:2)
  3 giant cockroaches
  2 goblins (D:1)
  3 hobgoblins (D:1)
  2 bats (D:1)
  3 kobolds
  2 rats (D:1)
18 creatures vanquished.

Notes
Turn   | Place    | Note
-------+----------+-------------------------------------------
     0 | D:1      | MirrMurr the Spriggan Enchanter began the quest for the Orb.
     0 | D:1      | Reached XP level 1. HP: 9/9 MP: 5/5
   188 | D:1      | Reached skill level 5 in Stealth
   188 | D:1      | Reached XP level 2. HP: 5/13 MP: 4/6
   192 | D:1      | Learned a level 2 spell: Ensorcelled Hibernation
   557 | D:1      | @> thx, bor for the +2 dagger of venom
   799 | D:1      | Reached XP level 3. HP: 1/16 MP: 6/8
   801 | D:1      | Succumbed to an adder's poison

Skill      XL: |  1  2 |
---------------+-------+-----
Stealth        | 5 |  5.5
Short Blades   | 2 |  2.4
Dodging        | |  3.0
Spellcasting   | |  2.6
Hexes          | |  3.6

Action                   || total
-------------------------++-------
Melee: Dagger            ||    46
 Cast: Corona            ||     3
  Use: Potion            ||     1
 Stab: Sleeping          ||     9
Armor: Skin              ||     6
       Robe              ||     2
Dodge: Dodged            ||    35
